 Dungeon Crawl Stone Soup version 0.17-a0-1133-gfb1399f (webtiles) character file.

3 deanofdeens the Caller (level 1, -1/13 HPs)
             Began as a Demonspawn Summoner on May 26, 2015.
             Was an Initiate of Okawaru.
             Slain by a giant gecko (3 damage)
             ... on level 1 of the Dungeon.
             The game lasted 00:00:32 (166 turns).

deanofdeens the Caller (Demonspawn Summoner)         Turns: 166, Time: 00:00:33

Health: -1/13      AC:  2    Str:  8    XL:     1   Next: 41%
Magic:  3/3        EV: 12    Int: 16    God:    Okawaru [......]
Gold:   5          SH:  0    Dex: 13    Spells: 1 memorised, 3 levels left

rFire  . . .     SeeInvis .     (no weapon)
rCold  . . .     Clarity  .     a - +0 robe
rNeg   . . .     SustAt   .     (no shield)
rPois  .         Gourm    .     (no helmet)
rElec  .         Spirit   .     (no cloak)
rCorr  .         Warding  .     (no gloves)
rMut   .         Stasis   .     (no boots)
MR     .....                    (no amulet)
Stlth  ++........               (no ring)
                                (no ring)

@: not resistant to hostile enchantments, unstealthy
A: no striking features
a: Renounce Religion


You were on level 1 of the Dungeon.
You worshipped Okawaru.
Okawaru was noncommittal.
You were not hungry.

You visited 1 branch of the dungeon, and saw 1 of its levels.

You collected 5 gold pieces.

Inventory:

Armour
 a - a +0 robe (worn)
Jewellery
 d - an uncursed ring of flight {unknown}
Scrolls
 e - a scroll of teleportation {unknown}
Books
 b - a book of Callings

   Spells                             Type                      Level
   a - Summon Small Mammal            Summoning                    1
   b - Call Imp                       Summoning                    2
   c - Call Canine Familiar           Summoning                    3
   d - Summon Guardian Golem          Hexes/Summoning              3
   e - Summon Lightning Spire         Summoning/Air                4
   f - Summon Ice Beast               Ice/Summoning                4
Comestibles
 c - 2 bread rations


   Skills:
 + Level 1.7 Dodging
 + Level 1.7 Stealth
 + Level 2.0 Spellcasting
 + Level 4.2 Summonings


You had 3 spell levels left.
You knew the following spells:

 Your Spells              Type           Power        Failure   Level  Hunger
a - Summon Small Mammal   Summ           ###.         4%          1    #......


Dungeon Overview and Level Annotations

Branches:
Dungeon (1/15)

Altars:
Okawaru


Message History

The giant gecko closely misses you. The giant gecko bites you.
The giant gecko closely misses you. The giant gecko barely misses you.
The giant gecko barely misses you. The giant gecko misses you.
The giant gecko completely misses you. The giant gecko closely misses you.
The giant gecko closely misses you. The giant gecko closely misses you.
The giant gecko bites you. The giant gecko barely misses you.
The giant gecko closely misses you. x2
The giant gecko bites you. The giant gecko barely misses you.
The giant gecko bites you. The giant gecko barely misses you.
The giant gecko bites you but does no damage.
The giant gecko bites you.
* * * LOW HITPOINT WARNING * * *
The giant gecko bites you.
You die...

## . .# ##+#######.#
......l...# #.#. #@#
#.#$###.# #.....#.#
####.#.#.#.###
.............#
#.#...........#.#.#
#...#######...#.....
#...#.†...#..#######.
#...#.≈≈≈.#..# #


You could see a giant gecko.

Vanquished Creatures
  A goblin (D:1)
  A bat (D:1)
  A giant newt (D:1)
  A rat (D:1)
4 creatures vanquished.

Vanquished Creatures (others)
  A ghoul (D:1)
  A draconian (D:1)
  An octopode (D:1)
  A gargoyle (D:1)
  A vine stalker (D:1)
  2 formicids (D:1)
  2 vampires (D:1)
  2 orcs (D:1)
  A kobold (D:1)
  4 tentacles (D:1)
  24 tentacle segments (D:1)
40 creatures vanquished.

Grand Total: 44 creatures vanquished

Notes
Turn   | Place    | Note
--------------------------------------------------------------
     0 | D:1      | deanofdeens the Demonspawn Summoner began the quest for the Orb.
     0 | D:1      | Reached XP level 1. HP: 13/13 MP: 3/3
     0 | D:1      | Noticed a gargoyle
     0 | D:1      | Noticed a vampire
     0 | D:1      | Noticed a vampire
     0 | D:1      | Noticed a formicid
     0 | D:1      | Noticed a draconian
     0 | D:1      | Noticed a kraken
     0 | D:1      | Noticed a formicid
     0 | D:1      | Noticed a ghoul
     0 | D:1      | Noticed an octopode
     0 | D:1      | Noticed a vine stalker
     3 | D:1      | Found an iron altar of Okawaru.
     4 | D:1      | Killed a vine stalker
     6 | D:1      | Killed a gargoyle
     8 | D:1      | Killed a formicid
     9 | D:1      | Killed a formicid
    11 | D:1      | Killed a vampire
    12 | D:1      | Killed a vampire
    12 | D:1      | Killed a draconian
    13 | D:1      | Killed an octopode
    16 | D:1      | Became a worshipper of Warmaster Okawaru
    16 | D:1      | Killed a ghoul
   166 | D:1      | Slain by a giant gecko

Vault maps used:
D:1:      nicolae_arrival_kraken_aquarium_a, minmay_door_square,
          columned_hall_lemuel, okawaru_ov_weapons_minmay

Action                   || total
-------------------------++-------
Melee: Unarmed           ||    18
